 Dungeon Crawl Stone Soup version 0.29-a0-90-gc37658a0fe (webtiles) character file.

Game seed: 3338100803772788810

23 lordive the Grasshopper (level 2, -9/22 HPs)
             Began as a Demonspawn Warper on Feb 6, 2022.
             Splashed by a jelly's acid (10 damage)
             ... on level 1 of the Dungeon.
             The game lasted 00:00:43 (949 turns).

lordive the Grasshopper (Demonspawn Warper)          Turns: 949, Time: 00:00:44

Health: -9/22      AC: -4    Str: 11    XL:     2   Next: 72%
Magic:  5/5        EV: 11    Int: 14    God:
Gold:   31         SH:  0    Dex: 12    Spells: 5/5 levels left

rFire   . . .      SeeInvis .   a - +0 falchion
rCold   . . .      Faith    .   (no shield)
rNeg    . . .      Spirit   .   b - +0 leather armour
rPois   .          Reflect  .   (no helmet)
rElec   .          Harm     .   (no cloak)
rCorr   .          Rampage  .   (no gloves)
Will    .....                   (no boots)
Stlth   +.........              (no amulet)
HPRegen 0.07/turn               (no ring)
MPRegen 0.09/turn               (no ring)

@: corroded
A: powered by death 1
a: no special abilities


You were on level 1 of the Dungeon.
You visited 1 branch of the dungeon, and saw 1 of its levels.

You collected 31 gold pieces.

Inventory:

Hand Weapons
 a - a +0 falchion (weapon)
Missiles
 d - 5 boomerangs of dispersal (quivered)
Armour
 b - a +0 leather armour (worn)
Scrolls
 c - 3 scrolls of blinking
Potions
 e - a potion of brilliance {unknown}


   Skills:
 + Level 2.3 Fighting
 + Level 1.9 Long Blades
 - Level 0.8 Throwing
 + Level 1.2 Armour
 + Level 2.0 Dodging
 + Level 2.0 Spellcasting
 + Level 3.0 Translocations


You had 5 spell levels left.
You didn't know any spells.
Your spell library contained the following spells:

 Spells                   Type           Power      Damage    Failure   Level
 Blink                    Tloc           20%        N/A       13%         2
 Gell's Gravitas          Tloc           10%        N/A       26%         3
 Lesser Beckoning         Tloc           10%        N/A       26%         3
 Teleport Other           Tloc           10%        N/A       26%         3
 Manifold Assault         Tloc           10%        N/A       94%         5


Dungeon Overview and Level Annotations

Branches:
Dungeon (1/15)

Altars:


Innate Abilities, Weirdness & Mutations

You regenerate a little health from kills.


Message History

The jackal misses you. The jackal closely misses you.
You miss the jackal.
The jackal is almost dead.
The jackal barely misses you.
The jackal stops to sniff the ground.
You hit the jackal but do no damage.
The jackal is almost dead.
The jackal closely misses you.
You hear a distant slurping noise.
The door mysteriously vanishes.
The jackal bites you but does no damage.
The jelly quivers.
You hit the jackal.
You kill the jackal!
The jackal bites you.
Your Dodging skill increases to level 2!
You hit the jackal.
You kill the jackal!
You miss the jackal. The jackal bites you. The jackal closely misses you.
The jelly hits you but does no damage.
You hit the jelly. The acid corrodes you!
Your hands burn!
The jelly is lightly wounded.
The jackal bites you. The jackal barely misses you.
The jelly completely misses you.
You hit the jelly but do no damage.
Your hands burn!
The jelly is lightly wounded.
The jackal completely misses you. The jelly barely misses you.
The jackal barely misses you.
You hit the jelly.
Your hands burn!
The jelly is lightly wounded.
The jackal bites you.
* * * LOW HITPOINT WARNING * * *
The jelly closely misses you. The jackal closely misses you.
You hit the jelly but do no damage.
Your hands burn!
* * * LOW HITPOINT WARNING * * *
The jelly is lightly wounded.
The jelly hits you.
* * * LOW HITPOINT WARNING * * *
The acid corrodes you!
You are splashed with acid!
You die... #.###...#...JJBh.h....#.# ........# ..hJBhBJJ..

#.# #.#.....#######B#######.#
#.#.....#.......r.....#.#
........'⌠....###....⌠+.#
..÷.....#......<.B....#.#
........#..⌠...>...⌠..#.# #######
........###.#######h###.# #......
...#.#.........J@hJJ...[###.#....
..###.#..#..########..####..#.÷..
.## ##................###...#....
#.###.####.......................
##.#.## ##.#######.#######.###..
##.######..### #.# #...... ###
#.......# #.# #...... #.##.##.#
#.# #.###.. ##.##.##.# #.#
#......


You could see a jelly, 2 endoplasms and 2 jackals.

Vanquished Creatures
  An endoplasm (D:1)
  6 giant cockroaches (D:1)
  A hobgoblin (D:1)
  3 jackals (D:1)
  A quokka (D:1)
  4 ball pythons (D:1)
  A bat (D:1)
  2 rats (D:1)
19 creatures vanquished.

Notes
Turn   | Place    | Note
-------+----------+-------------------------------------------
     0 | D:1      | lordive the Demonspawn Warper began the quest for the Orb.
     0 | D:1      | Reached XP level 1. HP: 16/16 MP: 3/3
     1 | D:1      | Found a runed translucent door.
     3 | D:1      | Noticed a jelly
   330 | D:1      | Found a faded altar of an unknown god.
   448 | D:1      | Reached skill level 1 in Armour
   805 | D:1      | Gained mutation: You regenerate a little health from kills.
                  | [demonic ancestry]
   805 | D:1      | Reached XP level 2. HP: 22/22 MP: 5/5
   919 | D:1      | Reached skill level 3 in Translocations
   949 | D:1      | HP: 1/22 [jelly (1)]
   949 | D:1      | Splashed by a jelly's acid

Illustrated notes

Levels and vault maps discovered:
D:1:      dpeg_arrival_caged_fury, layout_loops_ring,
          hellmonk_ecumenical_altar_lost_god

Skill      XL: |  1  2 |
---------------+-------+-----
Armour         | 1 |  1.2
Translocations | 3 |  3.0
Dodging        | 2 |  2.0
Fighting       | |  2.3
Long Blades    | |  1.9
Throwing       | |  0.8
Spellcasting   | |  2.0

Action                   || total
-------------------------++-------
Melee: Falchion          ||    63
       Punch             ||     1
Armor: Leather armour    ||    22
Dodge: Dodged            ||    61

Table legend: (Time is in decaauts)
 A = Elapsed time spent in this place.
 B = Non-inter-level travel time spent in this place.
 C = Inter-level travel time spent in this place.
 D = Time resting spent in this place.
 E = Time spent auto-exploring this place.
 F = Levels seen in this place.
 G = Mean time per level.
                   A        B        C        D        E       F      G
               +--------+--------+--------+--------+--------+-----+--------+
         Total |    962 |    962 |      0 |      0 |    836 |   1 |  962.0 |
       Dungeon |    962 |    962 |      0 |      0 |    836 |   1 |  962.0 |
               +--------+--------+--------+--------+--------+-----+--------+

Top non-repeatable levels by time:
     D:1: 962 daAuts
